[Event "37th ECCC 2022"]
[Site "Mayrhofen"]
[Date "2022.10.04"]
[Round "2.41"]
[White "Urkedal, Frode Olav Olsen"]
[Black "Berg, Michael"]
[Result "1-0"]
[ECO "A57"]
[WhiteElo "2523"]
[BlackElo "2313"]
[Annotator "TA"]
[PlyCount "49"]
[EventDate "2022.10.03"]
[EventType "team-tourn"]
[EventCountry "AUT"]
[SourceTitle "playchess.com"]
[Source "ChessBase"]
[SourceQuality "1"]
[TimeControl "40/5400+30:1800+30"]

1. d4 Nf6 2. c4 c5 3. d5 b5 4. cxb5 a6 5. e3 axb5 6. Bxb5 Qa5+ 7. Nc3 Bb7 8. Bd2 Qb6 9. a4 {[%emt 0:00:08] aiming for e4. A57: Benko/Volga Gambit.} e6 (9... Nxd5 $11 {remains equal.} 10. Nf3 e6) 10. e4 $1 $16 exd5 11. exd5 {[%emt 0:00:08] White is better.} Nxd5 12. Nf3 ({But not} 12. Kf1 Be7 $11) 12... Qe6+ {[%emt 0:09:38] [#]} 13. Ne2 $146 {[%emt 0:00:29] 0-0 is the strong threat.} ({Predecessor:} 13. Qe2 Be7 14. Nxd5 Bxd5 15. Bc3 O-O 16. O-O Qxe2 17. Bxe2 Be6 18. Bb5 d5 19. Rfd1 {½-½ (69) Jimenez Ruano,A (2240)-Martin Fuentes,A (2402) Linares 2021}) 13... Nc7 {[%emt 0:03:46] [#]} (13... Bd6 $142) 14. Ra3 $1 Be7 15. Re3 Qg4 (15... Qb6 $16) 16. Ng3 $18 {[%emt 0:25:22] Hoping for 0-0.} Nxb5 17. axb5 Bxf3 18. gxf3 {[%emt 0:00:06] White is clearly winning.} ({Stronger than} 18. Qxf3 Ra1+ 19. Ke2 Qc4+ 20. Rd3 Rxh1 21. Nxh1 Qxb5 $17) 18... Qg6 19. O-O d5 20. Rfe1 Ra7 21. Qe2 O-O 22. Rxe7 Rxe7 23. Qxe7 Qd3 24. Qe2 Qb3 25. Bf4 {[%emt 0:03:55] Black did not feel at home in the position after the opening.  Weighted Error Value: White=0.11 (very precise) /Black=0.65} 1-0

[Event "37th ECCC 2022"]
[Site "Mayrhofen"]
[Date "2022.10.04"]
[Round "2.42"]
[White "Wickenfeld, Stefan"]
[Black "Ranaldi, Lucas"]
[Result "1/2-1/2"]
[ECO "B19"]
[WhiteElo "2173"]
[BlackElo "2369"]
[Annotator "TA"]
[PlyCount "87"]
[EventDate "2022.10.03"]
[EventType "team-tourn"]
[EventCountry "AUT"]
[SourceTitle "playchess.com"]
[Source "ChessBase"]
[SourceQuality "1"]
[TimeControl "40/5400+30:1800+30"]

1. e4 c6 2. d4 d5 3. Nc3 dxe4 4. Nxe4 Bf5 5. Ng3 Bg6 6. h4 h6 7. Nf3 Nd7 8. h5 Bh7 9. Bd3 Bxd3 10. Qxd3 e6 11. Bd2 Ngf6 12. O-O-O Be7 13. Kb1 Qb6 {[%emt 0:00:44] B19: Classical Caro-Kann: 4...Bf5 main line.} 14. Ne4 Rd8 15. c4 {[%emt 0:06:16] is now debated instead of 15.Nxf6+.} O-O 16. Bc3 c5 17. Qe2 Nxe4 18. Qxe4 Bf6 19. Qe3 {[%emt 0:09:17] [#]} Qa6 $146 ({Predecessor:} 19... cxd4 20. Bxd4 Bxd4 21. Rxd4 e5 22. Rd5 e4 23. Rhd1 Qc7 24. Qd4 exf3 25. gxf3 Qc6 26. b3 a5 {0-1 (45) Barbosa,E (2501)-Kobalia,M (2609) Caleta 2020}) 20. g4 cxd4 $1 21. Bxd4 ({But not} 21. Rxd4 $2 Bxd4 22. Qxd4 f6 $19) 21... e5 $1 ({Don't play} 21... Qxc4 22. g5 e5 23. gxf6 exd4 24. Rxd4 $14) 22. Bc3 e4 23. Nd2 $1 Bxc3 24. Qxc3 Nc5 25. g5 (25. Qe3 $1 $15 Qc6 26. Nb3) 25... hxg5 $17 26. Qe5 (26. Qe3 $17 Qb6 27. Nxe4 Nxe4 28. Qxe4) 26... Nd3 $19 27. Qxg5 {[%emt 0:00:06] [#] White wants to mate with Rdg1.} Qb6 28. Nb3 {[%emt 0:00:40] Hoping for Rdg1.} Qf6 $2 (28... Qxf2 $19 29. Rd2 Qf4 30. Qxf4 Nxf4) 29. Qxf6 $11 gxf6 30. Rd2 Kh7 31. a3 f5 32. Rhd1 Rde8 33. Nd4 Re5 34. f3 Nf4 {[%emt 0:00:18] And now ...e3 would win.} 35. fxe4 fxe4 36. Rf2 $1 Nh3 (36... Nxh5 $15 37. Rh1 f6) 37. Rf6 {[%emt 0:00:53] The position is equal.} Rxh5 38. Ne6 {[%emt 0:00:20][%mdl 64] [#] Deflection} Re8 39. Rd7 Kg8 40. Rdxf7 Rxe6 $1 41. Rf8+ Kg7 42. R8f7+ Kg8 43. Rf8+ Kg7 44. R8f7+ {[%emt 0:00:00] Weighted Error Value: White=0.14 (very precise) /Black=0.13 (very precise)} 1/2-1/2

[Event "37th ECCC 2022"]
[Site "Mayrhofen"]
[Date "2022.10.04"]
[Round "2.43"]
[White "Shengelia, David"]
[Black "Korobov, Anton"]
[Result "1/2-1/2"]
[ECO "E17"]
[WhiteElo "2460"]
[BlackElo "2672"]
[Annotator "TA"]
[PlyCount "120"]
[EventDate "2022.10.03"]
[EventType "team-tourn"]
[EventCountry "AUT"]
[SourceTitle "playchess.com"]
[Source "ChessBase"]
[SourceQuality "1"]
[TimeControl "40/5400+30:1800+30"]

1. d4 Nf6 2. c4 e6 3. Nf3 b6 4. g3 Bb7 5. Bg2 Be7 6. O-O O-O 7. Re1 Na6 8. a3 {[%emt 0:00:21] E17: Queen's Indian: 4 g3 Bb7 5 Bg2 Be7.} d5 9. cxd5 exd5 10. Nc3 {[%emt 0:00:07] White has an edge.} Ne4 {[%emt 0:01:26] [#]} 11. h4 $146 ({Predecessor:} 11. Bd2 c5 12. Rc1 Bf6 13. Be3 Re8 14. Qc2 Qe7 15. Red1 Nxc3 16. Qxc3 Rac8 17. Qd2 {½-½ (40) Bellahcene,B (2436)-Tiviakov,S (2661) Algiers 2015}) 11... c5 12. Bf4 Nxc3 13. bxc3 Nc7 14. dxc5 Bxc5 15. Nd4 Qd7 16. e3 Rad8 17. a4 Ne8 18. Nb3 Nf6 19. Nxc5 bxc5 20. Bg5 Qe7 21. Qb3 Ba8 22. Qb5 Rc8 23. Rad1 Rfd8 24. Qa6 {[%emt 0:07:28][%cal Og2d5] White is much more active.} Rc6 25. Qa5 {[%emt 0:00:03][%cal Oe3e4] aiming for e4!} h6 26. Bxf6 Rxf6 27. c4 $1 Rfd6 (27... Bb7 $16 {is a better defense.} 28. cxd5 (28. Bxd5 Rd7 $16) 28... Ra6) 28. Qxc5 $18 Qd7 29. cxd5 Bxd5 30. Bxd5 Rxd5 31. Rxd5 Qxd5 32. Qxa7 {[%emt 0:02:35][%mdl 4096] Endgame Qc7 is the strong threat. KQR-KQR} Ra8 33. Qd4 ({White should play} 33. Qe7 $16) 33... Qxd4 $14 34. exd4 {[%emt 0:00:03] Black must now prevent Ra1.} Rxa4 {[%emt 0:00:05] KR-KR} 35. Re8+ Kh7 36. Re4 g5 37. h5 Kg7 38. Kg2 {[%emt 0:01:08] next g4 is good for White.} f5 39. Re7+ Kf6 40. Rh7 g4 41. d5 Kg5 42. d6 f4 43. gxf4+ Rxf4 44. d7 Rd4 45. Rg7+ Kxh5 $2 (45... Kf6 $11 46. Rh7 Kg5) 46. f3 Rd2+ 47. Kg3 gxf3 48. Kxf3 Kh4 49. Kf4 h5 50. Ke5 $2 (50. Ke4 {mates} Rd1 51. Rf7 Re1+ 52. Kf3 Rd1 53. Kf4 Kh3 54. Ke3 Rd6 55. Rf3+ Kh2 56. Rf2+ Kh3 57. Rd2) 50... Kh3 $1 $11 51. Ke6 Re2+ $1 52. Kf7 Rd2 53. Ke8 h4 54. d8=Q Rxd8+ 55. Kxd8 {[%emt 0:00:06] [#] Threatening mate with Kd7. KR-KP} Kh2 56. Ke7 {[%emt 0:00:08] Intending Ke6 and mate.} h3 57. Kf6 {[%emt 0:00:05] White threatens Kf5 and mate.} Kh1 58. Kf5 {[%emt 0:00:44] Kf4 would kill now. The position is equal.} h2 59. Kg4 {[%emt 0:00:25] [#] White wants to mate with Ra7.} Kg2 60. Kf4+ Kf2 {[%emt 0:00:16] Blacks defense is rewarded with a draw.  Weighted Error Value: White=0.24 (precise) /Black=0.26 (precise)} 1/2-1/2

[Event "37th ECCC 2022"]
[Site "Mayrhofen"]
[Date "2022.10.04"]
[Round "2.44"]
[White "Santos Latasa, Jaime"]
[Black "Doric, Darko"]
[Result "1/2-1/2"]
[ECO "B40"]
[WhiteElo "2677"]
[BlackElo "2457"]
[Annotator "TA"]
[PlyCount "117"]
[EventDate "2022.10.03"]
[EventType "team-tourn"]
[EventCountry "AUT"]
[SourceTitle "playchess.com"]
[Source "ChessBase"]
[SourceQuality "1"]
[TimeControl "40/5400+30:1800+30"]

1. e4 c5 2. Nf3 e6 3. b3 b6 4. Bb2 Bb7 5. Nc3 Nc6 6. d4 cxd4 7. Nxd4 a6 {[%emt 0:07:26] Against Ndb5. B40: Sicilian: 2...e6, Unusual lines.} 8. Nxc6 Bxc6 9. Bd3 {[%emt 0:00:06] [#]} Qg5 $146 ({Predecessor:} 9... d6 10. Qe2 b5 11. a4 b4 12. Nd5 a5 13. Bb5 Ne7 14. Nxe7 Bxb5 15. Qxb5+ Kxe7 {1-0 (25) Tsydypov,Z (2553)-Papin,V (2481) Sochi 2019}) 10. g3 Bc5 11. f4 Qh6 12. Qe2 b5 13. O-O-O Ne7 14. h4 O-O 15. a3 Rad8 16. Kb1 d5 17. e5 d4 (17... Nf5 $142) 18. Ne4 $16 Ba7 19. Nf2 ({Better is} 19. Rh2 $18) 19... Nd5 (19... Bxh1 $2 20. Ng4 Bd5 21. Nxh6+ gxh6 22. Qh5 $18) 20. Be4 {[%emt 0:02:14] [#] Ng4 is the strong threat.} f5 {[%emt 0:01:51] Inhibits Ng4.} 21. exf6 $1 Qxf6 22. Rhe1 (22. Qh5 h6) 22... Ba8 23. Rd3 Qe7 24. Red1 (24. Qh5 Nf6 25. Qe2 Nxe4 26. Nxe4 h6 $14) ({White should try} 24. Ng4 $16) 24... Ne3 $11 25. R1d2 {[%emt 0:00:49] Threatens to win with Bxa8.} Bxe4 (25... Nc4 $1 $11) 26. Nxe4 $14 e5 27. fxe5 ({Wrong is} 27. Qh5 $2 exf4 28. Ng5 h6 29. gxf4 Rf5 30. Bxd4 Rxd4 31. Rxd4 Bxd4 32. Rxd4 hxg5 33. hxg5 Nd5 $19) 27... Nf1 (27... Rf1+ $2 28. Ka2 Rff8 29. Bxd4 Bxd4 30. Rxd4 Nxc2 31. Rd6 Qxe5 32. Nf6+ (32. Rxc2 Rxd6 33. Nxd6 Qxd6 $11) 32... gxf6 33. Qxe5 fxe5 34. Rxd8 $18) 28. Rd1 $36 {[%emt 0:00:28][%mdl 2048] Black is under pressure.} Qxe5 29. Rf3 Rxf3 30. Qxf3 Rf8 (30... Nh2 $1 $14 31. Qe2 Rf8) 31. Qd3 $16 Ne3 32. Bxd4 ({Resist} 32. Qxe3 $6 dxe3 33. Bxe5 Re8 $11) 32... Bxd4 33. Qxd4 Qxd4 34. Rxd4 {[%emt 0:00:05][%mdl 4096] Endgame KRN-KRN} Rf1+ 35. Kb2 Nd1+ 36. Ka2 h6 37. a4 Re1 {[%emt 0:01:55][%cal Oe1e4] [#]} 38. axb5 ({White should play} 38. Nc5 $1 $18) 38... axb5 39. Nd6 Ne3 40. Nxb5 Nxc2 41. Rd2 Nb4+ 42. Ka3 Nc6 43. Nd4 Ne5 44. Re2 Rxe2 45. Nxe2 {[%emt 0:00:00] Strongly threatening Kb4. KN-KN} Kf7 46. Kb4 Ke6 47. Nd4+ (47. Kc5 $16) 47... Kd5 $11 48. Nf5 Ke4 49. Nxg7 {[%emt 0:00:00] And now h5 would win.} Kf3 $1 50. Kc3 {[%emt 0:00:00] aiming for Kd4.} Kxg3 51. h5 Nc6 {[%emt 0:04:40] The position is equal.} 52. Kd3 Kf4 53. Ne6+ Kg4 54. Nd4 Nb4+ 55. Kc3 Na2+ 56. Kb2 Nb4 57. Kc3 Na2+ 58. Kb2 Nb4 59. Kc3 {[%emt 0:00:00] Black defended with fortune.  Weighted Error Value: White=0.15 (very precise) /Black=0.11 (very precise)} 1/2-1/2

[Event "37th ECCC 2022"]
[Site "Mayrhofen"]
[Date "2022.10.04"]
[Round "2.45"]
[White "Tica, Sven"]
[Black "Idani, Pouya"]
[Result "0-1"]
[ECO "A62"]
[WhiteElo "2422"]
[BlackElo "2623"]
[Annotator "TA"]
[PlyCount "96"]
[EventDate "2022.10.03"]
[EventType "team-tourn"]
[EventCountry "AUT"]
[SourceTitle "playchess.com"]
[Source "ChessBase"]
[SourceQuality "1"]
[TimeControl "40/5400+30:1800+30"]

1. d4 Nf6 2. c4 c5 3. d5 e6 4. Nc3 exd5 5. cxd5 d6 6. Nf3 g6 7. g3 Bg7 8. Bg2 O-O 9. O-O Re8 10. Bf4 h6 {[%emt 0:00:05] Recently 10...Bf5 got a lot of attention. A62: Modern Benoni: Fianchetto Variation without early ...Nbd7.} 11. Qc1 g5 12. Be3 Bf5 {[%emt 0:00:27] The position is equal.} 13. h4 g4 14. Nd2 Rxe3 15. fxe3 Bg6 16. Nc4 Qe7 17. Nb5 Ne8 18. a4 (18. e4 $5 ) 18... Nd7 19. e4 a6 20. Nc3 Nef6 $1 21. a5 Nh5 22. Qe1 Rb8 23. Ra3 {[%emt 0:19:56] [#]} Ne5 $146 ({Predecessor:} 23... Bd4+ 24. e3 Bg7 25. Nb1 Bxe4 26. Nbd2 Bg6 27. e4 Bd4+ 28. Kh2 Ne5 29. Qd1 Nf6 {½-½ (43) Filin,E (2357)-Maur,R (2293) LSS email 2019}) 24. Nb6 (24. Ne3 $1 $14) 24... Nf6 (24... Nd7 $5 ) 25. Rf4 Nfd7 ({Better is} 25... Nh5 $11) 26. Nca4 $1 $14 h5 27. Rb3 (27. Rf1 $14) 27... Bh6 $11 28. Qc3 Nf6 29. Qc2 $2 (29. Rxf6 $11 Qxf6 30. Nc4) 29... Ned7 $2 (29... Bxf4 $17 30. gxf4 Nxe4 $1 31. fxe5 (31. Bxe4 $2 Qxh4 32. Kf1 g3 $19) 31... Qxh4) 30. Nxd7 Nxd7 31. e3 Ne5 32. Nc3 (32. Rf1 $11 {remains equal.}) 32... Qc7 33. Rb6 Nc4 34. Na4 Nxb6 35. Nxb6 Re8 ({Worse is} 35... Bxf4 36. exf4 f6 37. b4) 36. Nc4 Bxf4 37. exf4 Qe7 38. f5 $2 {[%emt 0:00:35][%mdl 8192] [#] Now White is beyond hope.} (38. Qa4 $17 {nothing else works.}) 38... Bxf5 $1 $19 39. exf5 {[%emt 0:00:32] aiming for Qd2.} (39. Qa4 Bg6) 39... Qe1+ 40. Bf1 {[%emt 0:00:54] Strongly threatening Qf2.} Qxg3+ 41. Qg2 Qxh4 42. Nxd6 Re3 43. Qf2 {[%emt 0:00:00] [#]} g3 $1 44. Qd2 Rf3 45. Ne4 Rxf1+ {[%emt 0:00:00] Black mates.} 46. Kxf1 Qh1+ 47. Ke2 Qxe4+ 48. Kd1 Qd4 {[%emt 0:00:00] Weighted Error Value: White=0.66/Black=0.13 (very precise)} 0-1

[Event "37th ECCC 2022"]
[Site "Mayrhofen"]
[Date "2022.10.04"]
[Round "2.46"]
[White "Alonso Rosell, Alvar"]
[Black "Lehner, Oliver"]
[Result "1-0"]
[ECO "E10"]
[WhiteElo "2563"]
[BlackElo "2398"]
[Annotator "TA"]
[PlyCount "57"]
[EventDate "2022.10.03"]
[EventType "team-tourn"]
[EventCountry "AUT"]
[SourceTitle "playchess.com"]
[Source "ChessBase"]
[SourceQuality "1"]
[TimeControl "40/5400+30:1800+30"]

1. d4 Nf6 2. c4 e6 3. Nf3 d5 4. g3 Bb4+ 5. Nc3 dxc4 6. Bg2 c6 {[%emt 0:06:37] E20: Nimzo-Indian: 4 g3 and 4 f3.} 7. Ne5 {[%emt 0:01:52][%mdl 1024] White has compensation.} (7. a3 $5 Ba5 8. O-O $11) 7... Nd5 8. O-O O-O {[%emt 0:10:57] The position is equal.} 9. Ne4 $5 {[%emt 0:00:50][%mdl 4] A promising side line.} (9. Nxc4 Bxc3 10. bxc3 Nxc3 $15) 9... b5 {[%emt 0:05:48] [#]} 10. b3 $146 ({Predecessor:} 10. Qc2 f6 11. Nf3 Bb7 12. Neg5 fxg5 13. Nxg5 g6 14. Nxe6 Qe7 15. Nxf8 Qxf8 16. e4 {1-0 (34) Adomaitis,E (1889)-Setikiene,G (1862) Lithuania 2019}) 10... f6 11. bxc4 fxe5 12. cxd5 cxd5 13. dxe5 {[%emt 0:04:46] Threatening Bg5.} Nc6 $1 (13... dxe4 $2 14. Bxe4 Nc6 15. Bxc6 $18) 14. Bg5 Qd7 15. a3 Ba5 16. Nc5 Qf7 17. Bf4 (17. e4 $14 d4 18. Bd2) 17... Ne7 (17... Bb6 $11 18. Nd3 Bb7) 18. Bd2 (18. Rb1 $16) 18... Bb6 19. Rc1 Rb8 20. Kh1 a5 21. Nb3 {[%emt 0:01:34] White has more active pieces.} Qh5 22. Bxa5 Bxa5 23. Nxa5 Qxe5 24. Qc2 Ra8 25. Qc5 Ng6 (25... Qxe2 26. Qxe7 Rxa5 27. f4 $18 (27. Rc7 Qe5 $16)) ({Black should play} 25... Rxa5 $14 26. Qxe7 Qf6) 26. Nc6 Qxe2 {[%emt 0:00:10] [#]} 27. f4 $1 {[%emt 0:00:29][%cal Bf2f4,Bf4f5,Bf5g6][%mdl 32] Hoping for f5!} Bd7 {[%emt 0:01:50] [#]} 28. f5 $1 Rac8 $2 (28... Rxf5 $2 29. Rxf5 exf5 30. Nd4 $18) (28... exf5 $2 29. Nd4 (29. Bxd5+ Kh8 $16) 29... Qe7 30. Bxd5+ Kh8 31. Qxe7 (31. Nxb5 Ra5 $15) 31... Nxe7 32. Bxa8 Rxa8 33. Rc7 $18) (28... Rfc8 $16 29. Ne7+ (29. fxg6 Bxc6 30. Qb6 hxg6 $16) 29... Nxe7 30. Qxe7 Be8) 29. fxg6 {[%emt 0:00:31] Weighted Error Value: White=0.13 (very precise) /Black=0.27 (precise)} 1-0

[Event "37th ECCC 2022"]
[Site "Mayrhofen"]
[Date "2022.10.04"]
[Round "2.47"]
[White "Deglmann, Ludwig"]
[Black "Forcen Esteban, Daniel"]
[Result "0-1"]
[ECO "D02"]
[WhiteElo "2243"]
[BlackElo "2566"]
[Annotator "TA"]
[PlyCount "46"]
[EventDate "2022.10.03"]
[EventType "team-tourn"]
[EventCountry "AUT"]
[SourceTitle "playchess.com"]
[Source "ChessBase"]
[SourceQuality "1"]
[TimeControl "40/5400+30:1800+30"]

1. d4 Nf6 2. Nf3 d5 3. Bf4 c5 4. e3 Nc6 5. c3 Qb6 6. Qb3 c4 7. Qc2 Bf5 8. Qc1 h6 9. h3 e6 {[%emt 0:03:53] D02: 1 d4 d5 2 Nf3 sidelines, including 2...Nf6 3 g3 and 2...Nf6 3 Bf4.} 10. Nbd2 Qd8 11. b3 b5 {[%emt 0:03:13] [#] The position is equal.} 12. Ne5 $146 (12. Be2 $11) ({Predecessor:} 12. a4 a6 13. Be2 Be7 14. O-O O-O 15. Qb2 Qd7 16. b4 Rfc8 17. Ra2 Nxb4 18. cxb4 {½-½ (34) Anisimov,P (2527)-Goganov,A (2589) St Petersburg 2021}) 12... Nxe5 $15 13. Bxe5 Nd7 14. Bh2 Rc8 15. a4 (15. Be2 $11) 15... cxb3 $17 {[%emt 0:01:12] Black is more active.} 16. Bxb5 (16. Nxb3 $17 {was necessary.} b4 17. c4 dxc4 18. Bxc4) 16... Bb4 $1 $19 17. c4 (17. cxb4 Rxc1+ 18. Rxc1) 17... dxc4 18. O-O Bxd2 19. Qxd2 c3 20. Qe2 b2 {[%emt 0:00:06] [#] White must now prevent ...c2.} 21. Bd6 (21. e4 $142 bxa1=R 22. Rxa1 Bxh3 23. Ba6) 21... c2 {[%emt 0:02:31] Black is clearly winning.} 22. e4 bxa1=Q 23. exf5 {[%emt 0:00:15] [#]} Qxf1+ $3 {[%emt 0:00:04] Black took control after the opening.  Weighted Error Value: White=1.21/Black=0.06 (flawless)} 0-1

[Event "37th ECCC 2022"]
[Site "Mayrhofen"]
[Date "2022.10.04"]
[Round "2.48"]
[White "Bernadskiy, Vitaliy"]
[Black "de Francesco, Klaus"]
[Result "1-0"]
[ECO "D35"]
[WhiteElo "2570"]
[BlackElo "2197"]
[Annotator "TA"]
[PlyCount "69"]
[EventDate "2022.10.03"]
[EventType "team-tourn"]
[EventCountry "AUT"]
[SourceTitle "playchess.com"]
[Source "ChessBase"]
[SourceQuality "1"]
[TimeControl "40/5400+30:1800+30"]

1. c4 e6 2. Nc3 d5 3. d4 Nf6 4. cxd5 exd5 5. Bg5 Be7 6. e3 c6 7. Bd3 Nbd7 8. Nf3 Nh5 9. Bxe7 Qxe7 10. O-O g6 11. Rb1 a5 12. a3 O-O {[%emt 0:00:33] D35: Queen's Gambit Declined: Exchange Variation.} 13. b4 axb4 14. axb4 Nb6 {[%emt 0:04:11] The position is equal.} 15. Qc2 Ng7 {[%emt 0:03:49] [#]} 16. Rfe1 $146 ({Predecessor:} 16. b5 c5 17. dxc5 Qxc5 18. Nd4 Ne6 19. Nce2 Qxc2 20. Bxc2 Nxd4 21. Nxd4 Bd7 22. h4 {1-0 (46) Georgiev,V (2554)-Chandra,A (2495) Saint Louis 2015}) 16... Bf5 17. e4 dxe4 18. Bxe4 Qd6 19. Bxf5 Nxf5 20. Ne4 Qd8 (20... Nxd4 $2 21. Qb2 Nxf3+ 22. gxf3 $18) 21. b5 Rc8 22. bxc6 bxc6 23. Ne5 Nd5 24. Qc5 Nf4 ({Black should play} 24... f6 $11 25. Nc4 (25. Nxc6 Qd7 $11) 25... Rc7) 25. Nxc6 Qh4 {[%emt 0:04:46] This move loses the game for Black.} (25... Qc7 $1 $14 26. Nb4 (26. Nf6+ Kg7 $11) 26... Qxc5 27. dxc5 Nd4) 26. d5 $1 $36 {[%emt 0:15:28][%mdl 2048] Black must now prevent d6. White is really pushing. Active counter play!} Rfe8 {[%emt 0:05:56] [#]} (26... f6 $142 27. Qc3 Qg4) 27. f3 $1 Nd3 $2 {[%emt 0:14:11] [#]} (27... Ra8 28. g3 Qh3) 28. Qc3 $1 (28. g3 Nxc5 29. gxh4 Nd7 $16) 28... Nxe1 29. Nf6+ ({Not} 29. Rxe1 Rf8 30. Nf6+ Kh8 31. Nd7+ f6 $18) 29... Kf8 30. Nxe8 Nxf3+ 31. gxf3 Rxc6 32. Qh8+ {[%emt 0:00:49] White mates.} Ke7 33. Qe5+ Kf8 34. dxc6 Qg5+ 35. Kh1 {[%emt 0:00:17] Weighted Error Value: White=0.04 (flawless) /Black=0.49} 1-0

[Event "37th ECCC 2022"]
[Site "Mayrhofen"]
[Date "2022.10.04"]
[Round "2.49"]
[White "Shevchenko, Kirill"]
[Black "Hauge, Lars Oskar"]
[Result "1-0"]
[ECO "A29"]
[WhiteElo "2645"]
[BlackElo "2531"]
[Annotator "TA"]
[PlyCount "95"]
[EventDate "2022.10.03"]
[EventType "team-tourn"]
[EventCountry "AUT"]
[SourceTitle "playchess.com"]
[Source "ChessBase"]
[SourceQuality "1"]
[TimeControl "40/5400+30:1800+30"]

1. c4 e5 2. Nc3 Nf6 3. Nf3 Nc6 4. g3 d5 5. cxd5 Nxd5 6. Bg2 Nb6 7. O-O Be7 8. b3 O-O 9. Bb2 Re8 10. Rc1 Bf8 11. d3 {[%emt 0:07:03][%cal Bd2d3,Bd3d4][%mdl 32] [#] 11.Ne4 injects fresh life into this line. A29: English Opening: Four Knights Variation with 4 g3.} Rb8 $146 ({Predecessor:} 11... Bg4 12. h3 Bh5 13. Ne4 f6 14. Nc5 Bxc5 15. Rxc5 Qd7 16. b4 a6 17. a3 Rad8 18. Qc2 Re7 19. Rc1 Qe8 20. Nh4 Re6 {½-½ (37) Donchenko,A (2644)-Aronian,L (2775) Moscow 2019}) 12. Ne4 f6 13. Qc2 {[%emt 0:17:08] White has an edge.} Bg4 14. Rfd1 Qe7 15. d4 Bxf3 16. Bxf3 f5 17. Nc5 (17. dxe5 $5 fxe4 18. Bxe4 $11) 17... e4 18. Bg2 Nb4 19. Qd2 N4d5 20. e3 Qf7 21. g4 (21. Re1 $11) 21... f4 $17 22. Nxe4 Qg6 $1 {[%emt 0:00:47][%csl LRe4,LRg4] ...fxe3 is the strong threat.} 23. Nc5 {[%emt 0:04:18] Black must now prevent e4.} fxe3 24. fxe3 Nxe3 25. Re1 Nxg4 ({Better is} 25... Nbd5 26. Bxd5+ Nxd5) 26. Nxb7 (26. Qd3 $142) 26... c6 (26... Qh5 27. h3 Rxe1+ 28. Rxe1 $14) (26... Be7 $1 $17 27. Be4 (27. Rxc7 $2 Bg5 $19) 27... Qh5) 27. Nc5 $15 (27. Bxc6 $2 Rxe1+ 28. Qxe1 Ne5+ 29. Qg3 Qxg3+ 30. hxg3 Nxc6 31. Rxc6 Rxb7 $19) (27. Rxe8 $2 Rxe8 28. Bxc6 Re6 $19) 27... Bd6 28. h3 Nf6 29. Nd3 $2 (29. Rxe8+ $11 {and White is okay.} Rxe8 30. Re1) 29... Ne4 $19 30. Qc2 (30. Rxe4 $142 Rxe4 31. Ne5) 30... Ng5 $2 ({Black should play} 30... Qg3 $19 {( -> ...Qh2+)} 31. Rxe4 Rxe4) 31. Ne5 (31. Qxc6 $2 Rxe1+ 32. Rxe1 Rc8 $19) 31... Qh5 ({Black should try} 31... Nxh3+ $1 $11 32. Kh2 (32. Kh1 Qh6 $17) 32... Qxc2 33. Rxc2 Nf4) 32. Qf5 $36 {[%emt 0:01:27][%mdl 2048] White is pushing.} (32. Nxc6 Qh4 33. Ne5 Qg3 $11) (32. Bxc6 $2 Nxh3+ 33. Kh1 Rf8 $19) 32... Nd5 33. Qg4 (33. Rxc6 Ne7 34. Qg4 Nxh3+ $1 35. Bxh3 Qxg4+ 36. Bxg4 Nxc6 $17) (33. Nxc6 $2 Nf4 34. Ne7+ Kh8 $19) 33... Qxg4 34. hxg4 Nf4 35. Bxc6 {[%emt 0:00:52] This bishop pair is nice.} (35. Rxc6 $16 Rb6 36. Rxb6 axb6 37. Re3) 35... Rf8 (35... Bxe5 $11 36. Bxe8 (36. dxe5 Nd3 $11) (36. Rxe5 Rxe5 37. dxe5 Ne2+ 38. Kf1 Nxc1 $11) 36... Nf3+ 37. Kf1 Rxe8 38. dxe5 (38. Rxe5 Nxe5 39. dxe5 Nd3 $11) 38... Nxe1 39. Rxe1 Nd3) 36. Rc2 $1 $16 Rbd8 {[%emt 0:02:03] [#]} 37. Bc1 (37. Rf1 $1 $16) 37... Bc7 (37... Ngh3+ $11 {remains equal.} 38. Kh1 Bxe5 39. Rxe5 (39. dxe5 Nd3 $17) 39... Nd3) 38. Be3 Rf6 {[%emt 0:00:25] [#]} 39. Rf1 (39. Bd5+ $1 $16 Rxd5 40. Rxc7) 39... Nfh3+ $2 (39... Nge6 $1 $14) 40. Kg2 $18 Rxf1 41. Kxf1 Bb6 $2 (41... h6 42. Bb5 Rf8+ 43. Kg2 Bxe5) 42. Kg2 Bxd4 43. Bxd4 Rxd4 {[%emt 0:01:06] [#]} 44. Bd5+ $1 Kf8 {[%emt 0:00:04] aiming for ...Nf4+.} 45. Rc8+ {[%emt 0:00:00] White is winning.} Ke7 {[%emt 0:00:05] Hoping for ...Nf4+.} 46. Nc6+ Kd7 47. Nxd4 Kxc8 48. Ne2 {[%emt 0:00:00] Against Nf4+. Quite a comeback for White.  Weighted Error Value: White=0.33/Black=0.55} 1-0